 Dungeon Crawl Stone Soup version 0.30-b1-2-g02819fbbbe (webtiles) character file.

Game seed: 11080614599176695855

89712 DavidChitty2 the Severer (level 15, 0/136 HPs)
             Began as a Minotaur Fighter on May 16, 2023.
             Was the Champion of Okawaru.
             Killed from afar by Nikola (36 damage)
             ... with a bolt of lightning
             ... on level 1 of the Vaults.
             The game lasted 00:26:59 (19102 turns).

DavidChitty2 the Severer (Minotaur Fighter)        Turns: 19102, Time: 00:27:00

Health: 0/136      AC: 37    Str: 31    XL:     15   Next: 50%
Magic:  0/21       EV:  6    Int:  5    God:    Okawaru [******]
Gold:   403        SH: 20    Dex: 10    Spells: 14/14 levels left

rFire   . . .        a - +2 broad axe (freeze)
rCold   . . .        S - +0 kite shield
rNeg    . . .        r - +0 crystal plate armour
rPois   +            I - +2 hat of Jejaillu {rPois Will- Str+3}
rElec   .            N - +0 cloak
rCorr   .            l - +2 pair of gloves
SInv    +            j - +0 pair of boots
Will    .....        R - brooch of Shielding {Spirit SH+8} Stlth
                     y - +4 ring of protection
HPRegen 0.42/turn    z - ring of see invisible
MPRegen 0.17/turn

%: guardian spirit
@: no status effects
A: horns 2, retaliatory headbutt
a: Renounce Religion, Heroism, Finesse, Duel


You were on level 1 of the Vaults.
You worshipped Okawaru.
Okawaru was exalted by your worship.
You visited 5 branches of the dungeon, and saw 22 of its levels.
You also visited: Bailey.

You collected 1248 gold pieces.
You spent 845 gold pieces at shops.

Inventory:

Hand Weapons
 a - a +2 broad axe of freezing (weapon)
   (Okawaru gifted it to you on level 5 of the Lair of Beasts)
 b - the +1 war axe of the Distant Future {flame, Will+}
   (You took it off a gnoll on level 6 of the Dungeon)

   Will:      It increases your willpower.
Missiles
 B - a throwing net (quivered) {!f}
Armour
 j - a +0 pair of boots (worn)
   (You found it on level 4 of the Lair of Beasts)
 l - a +2 pair of gloves (worn)
   (You found it on level 6 of the Dungeon)
 r - a +0 crystal plate armour (worn)
   (You took it off an orc warrior in a bailey)
 I - the +2 hat of Jejaillu (worn) {rPois Will- Str+3}
   (You found it on level 2 of the Lair of Beasts)

   Str:       It affects your strength (+3).
   rPois:     It protects you from poison.
   Will:      It decreases your willpower.
 N - a +0 cloak (worn)
   (You took it off Maurice on level 11 of the Dungeon)
 S - a +0 kite shield (worn)
   (You found it on level 4 of the Lair of Beasts)
Jewellery
 g - a ring of poison resistance
   (You found it on level 1 of the Dungeon)
 y - a +4 ring of protection (left hand)
   (You found it on level 11 of the Dungeon)
 z - a ring of see invisible (right hand)
   (You found it on level 5 of the Lair of Beasts)
 H - a ring of willpower
   (You found it on level 10 of the Dungeon)
 L - a ring of resist corrosion
   (You found it on level 1 of the Lair of Beasts)
 O - a ring of ice
   (You found it on level 1 of the Lair of Beasts)
 R - the brooch of Shielding (around neck) {Spirit SH+8}
   (You bought it in a shop on level 10 of the Dungeon)

   [amulet of guardian spirit]

   It causes incoming damage to be divided between your reserves of health and
   magic.
   SH:        It affects your SH (+8).
 U - a +6 ring of strength
   (You found it on level 5 of the Lair of Beasts)
Wands
 t - a wand of flame (9)
   (You found it on level 8 of the Dungeon)
 u - a wand of paralysis (10)
   (You found it on level 3 of the Dungeon)
 D - a wand of mindburst (7)
   (You found it on level 1 of the Lair of Beasts)
 E - a wand of roots (23)
   (You found it on level 7 of the Dungeon)
 F - a wand of quicksilver (5)
   (You found it on level 10 of the Dungeon)
 G - a wand of polymorph (4)
   (You found it on level 6 of the Dungeon)
Scrolls
 e - a scroll of identify {@r1}
 f - 3 scrolls of enchant armour
 o - 6 scrolls of teleportation {@r4}
 w - 4 scrolls of immolation {!r}
 J - 4 scrolls of poison {!r}
 K - 2 scrolls of magic mapping
 M - a scroll of fear
 P - a scroll of fog
 Q - 7 scrolls of blinking
Potions
 c - 3 potions of ambrosia
 d - 5 potions of might
 h - 4 potions of flight
 i - 8 potions of heal wounds {@q2}
 k - 5 potions of magic
 m - a potion of mutation {!q}
 n - 3 potions of invisibility
 p - 11 potions of curing {@q1}
 q - 2 potions of lignification {!q}
 s - a potion of attraction {!q}
 v - 7 potions of haste {@q3}
 x - 6 potions of brilliance
 C - 2 potions of cancellation
 T - 2 potions of berserk rage


   Skills:
 + Level 13.4 Fighting
 - Level 18.0 Axes
 + Level 15.9 Armour
 + Level 13.3 Shields
 + Level 10.4 Invocations


You had 14 spell levels left.
You didn't know any spells.
Your spell library contained the following spells:

 Spells                   Type           Power      Damage    Failure   Level
 Apportation              Tloc           0%         N/A       100%        1
 Kiss of Death            Conj/Necr      0%         2d5       100%        1
 Necrotise                Necr           0%         1d4       100%        1
 Sandblast                Erth           0%         2d4       100%        1
 Blink                    Tloc           0%         N/A       100%        2
 Ensorcelled Hibernation  Hex/Ice        0%         N/A       100%        2
 Lesser Beckoning         Tloc           0%         N/A       100%        2
 Momentum Strike          Conj/Tloc      0%         3d8       100%        2
 Passwall                 Tmut/Erth      0%         N/A       100%        2
 Sublimation of Blood     Necr           0%         N/A       100%        2
 Wereblood                Tmut           0%         N/A       100%        2
 Confusing Touch          Hex            0%         N/A       100%        3
 Inner Flame              Hex/Fire       0%         N/A       100%        3
 Spider Form              Tmut/Pois      0%         N/A       100%        3
 Stone Arrow              Conj/Erth      0%         3d7       100%        3
 Anguish                  Hex/Necr       0%         N/A       100%        4
 Dispel Undead            Necr           0%         3d6       100%        4
 Flame Wave               Conj/Fire      0%         2d4       100%        4
 Sticky Flame             Conj/Fire      0%         2d3       100%        4
 Ozocubu's Refrigeration  Ice            0%         4d7       100%        7
 Polar Vortex             Ice            0%         N/A       100%        9
 Summon Small Mammal      Summ           Unusable   N/A       N/A         1
 Simulacrum               Ice/Necr       Unusable   N/A       N/A         6
 Summon Hydra             Summ           Unusable   N/A       N/A         7

Dungeon Overview and Level Annotations

Branches:
Dungeon (13/15)            Temple (1/1) D:4            Lair (5/5) D:8
 Shoals (0/4) Lair:2       Spider (0/4) Lair:2        Slime (0/5) Lair:5
    Orc (2/2) D:11         Vaults (1/5) D:13         Bailey (visited)
    Elf: Orc:2

Altars:
Ashenzari
Cheibriados
Dithmenos
Elyvilon
Fedhas
Gozag
Hepliaklqana
Kikubaaqudgha
Makhleb
Nemelex Xobeh
Okawaru
Qazlal
Ru
Sif Muna
Trog
Uskayaw
Vehumet
Wu Jian
Xom
Yredelemnul
Zin
The Shining One

Shops:
D:10 =

Portals:
Trove: D:11 (give +6 fire dragon scales)

Annotations:
D:8 2 runed translucent doors, exclusion: 2 doors
Lair:4 3 runed translucent doors, sanka's ghost, journeyman AtHu
Lair:5 exclusion: oklob plant
Orc:2 Saint Roka
Vaults:1 Nikola


Innate Abilities, Weirdness & Mutations

You have a pair of horns on your head.
You reflexively headbutt those who attack you in melee.


Message History

You freeze the centaur warrior. The centaur warrior hits you.
You block the centaur warrior's attack.
The ironbound preserver hits you with a +0 great mace!!
You slice the ironbound preserver!! You freeze the ironbound preserver.
You kill the ironbound preserver!
Okawaru accepts your kill.
You slash the centaur warrior! You freeze the centaur warrior.
The centaur warrior hits you but does no damage.
The centaur warrior kicks you but does no damage.
Found 22 gold pieces.
Found a gate to the Vaults.
You block the centaur warrior's attack. x2
The centaur warrior hits you but does no damage.
The centaur warrior kicks you but does no damage.
Items here: $ ) [ †.
You slice the centaur warrior!! You freeze the centaur warrior.
You kill the centaur warrior!
Okawaru accepts your kill.
Things that are here:
a +0 longbow; a centaur corpse You now have 403 gold pieces (gained 17).
Things that are here:
a +0 great mace; a +0 ring mail; a human corpse
There is a large open door here.
There is a large open door here.
Things that are here:
a +0 great mace; a +0 ring mail; a human corpse
There is a large open door here.
There is a gate to the Vaults here.
You go down through the gate.
Welcome to the Vaults!
The door slams shut behind you.
This branch contains the silver rune of Zot.
Nikola shouts!
Found 30 gold pieces.
There is a gate leading back out of this place here.
You need a rune to leave the Vaults.
You slash Nikola! You freeze Nikola. You hit Nikola. You freeze Nikola.
Nikola points at you and mumbles some strange words.
The bolt of lightning hits you!!! The bolt of lightning hits you!!
* * * LOW HITPOINT WARNING * * *
You hear a shout! x4
You slice Nikola!! You freeze Nikola. You headbutt Nikola, but do no damage.
Nikola barely misses you.
You closely miss Nikola. Your headbutt misses Nikola. You slash Nikola!
You freeze Nikola. You headbutt Nikola, but do no damage.
Nikola points at you and mumbles some strange words.
The bolt of lightning hits you!!
* * * LOW HITPOINT WARNING * * *
The bolt of lightning hits you!!!
You die...

###+####
#......#
+...$..#
#...@..#
#...@..#
#...∩..#
#......#
#####+##


You could see Nikola.

Vanquished Creatures
  An ironbound preserver (D:13)
  Snorg (D:11)
  4 hydras (Lair:5)
  A catoblepas (Lair:1)
  2 centaur warriors (D:13)
  A merfolk avatar (Lair:5)
  An ogre mage (D:12)
  4 two-headed ogres (D:12)
  Urug (Lair:2)
  Sonja (D:11)
  2 sea snakes (Lair:5)
  A skyshark (Lair:5)
  An orc knight (Bailey)
  3 deep elf pyromancers
  2 ugly things
  2 harpies (Lair:5)
  A manticore (Lair:2)
  2 cyclopes (D:13)
  Maurice (D:11)
  9 elephants
  A torpor snail (Lair:5)
  2 gargoyles
  6 black mambas
  Maggie (Lair:2)
  13 cane toads
  A kobold demonologist (D:8)
  7 komodo dragons
  2 unseen horrors
  A rime drake (Lair:2)
  5 trolls
  2 hornets (Lair:5)
  2 wind drakes
  A polar bear (Lair:5)
  Prince Ribbit (D:7)
  A wind drake (shapeshifter) (D:13)
  6 blink frogs (Lair:5)
  2 snapping turtles (Lair:5)
  22 dream sheep
  12 slime creatures
  3 culicivoras (Lair:2)
  3 jumping spiders (Lair:2)
  2 shadows
  A vampire (D:11)
  4 wyverns
  2 wraiths
  69 yaks
  A basilisk (Lair:5)
  3 steam dragons
  3 redbacks (Lair:2)
  2 vampire mosquitoes (D:12)
  An acid dragon (D:9)
  11 water moccasins
  10 orc warriors
  A sky beast (D:7)
  2 ice beasts
  2 black bears
  5 wolves (Lair:3)
  9 centaurs
  5 ogres
  A phantom (D:5)
  2 kobold brigands
  3 bullfrogs
  A gnoll sergeant (D:9)
  5 scorpions
  9 wights (D:8)
  5 killer bees (D:10)
  7 howler monkeys
  3 hounds (D:5)
  8 orc priests
  4 jellies
  2 gnoll boudas
  7 iguanas
  A sleepcap (D:7)
  19 orc wizards
  6 hell rats (Lair:5)
  27 gnolls
  6 adders
  2 ufetubi (D:5)
  A worm (D:2)
  4 dart slugs
  55 orcs
  8 ball pythons
  2 bats
  7 endoplasms
  7 giant cockroaches
  8 goblins
  4 hobgoblins
  11 jackals
  17 kobolds
  6 quokkas
  4 frilled lizards
  5 rats
525 creatures vanquished.

Vanquished Creatures (others)
  27 fungi
  38 plants
65 creatures vanquished.

Grand Total: 590 creatures vanquished

Notes
Turn   | Place    | Note
-------+----------+-------------------------------------------
     0 | D:1      | DavidChitty2 the Minotaur Fighter began the quest for the
                  | Orb.
     0 | D:1      | Reached XP level 1. HP: 19/19 MP: 0/0
    37 | D:1      | Found a faded altar of an unknown god.
    68 | D:1      | Reached XP level 2. HP: 27/27 MP: 1/1
   101 | D:1      | Reached skill level 3 in Axes
   270 | D:1      | Reached XP level 3. HP: 33/33 MP: 2/2
   914 | D:2      | Found a glowing golden altar of the Shining One.
  1543 | D:3      | Identified the ring of the Final Decision {Wiz Str+2 Int+3}
  1658 | D:3      | Reached XP level 4. HP: 40/40 MP: 3/3
  1895 | D:3      | Found a glowing golden altar of the Shining One.
  2063 | D:3      | Reached skill level 4 in Axes
  2288 | D:3      | Reached XP level 5. HP: 47/47 MP: 4/4
  2408 | D:4      | Found a bloodstained altar of Trog.
  2468 | D:4      | Found a hazy altar of Hepliaklqana.
  2487 | D:4      | Reached skill level 5 in Axes
  2637 | D:4      | Reached XP level 6. HP: 54/55 MP: 5/5
  2672 | D:4      | Reached skill level 5 in Fighting
  2672 | D:4      | Reached skill level 5 in Shields
  2772 | D:4      | Reached skill level 5 in Armour
  2874 | D:4      | Found a staircase to the Ecumenical Temple.
  2888 | Temple   | Entered the Ecumenical Temple
  2982 | Temple   | Became a worshipper of Warmaster Okawaru
  3217 | D:4      | Reached skill level 6 in Axes
  3252 | D:4      | Reached XP level 7. HP: 52/61 MP: 6/6
  3754 | D:5      | Entered Level 5 of the Dungeon
  3767 | D:5      | Reached skill level 1 in Invocations
  3979 | D:5      | Reached * piety under Okawaru
  4200 | D:5      | Reached skill level 7 in Axes
  4262 | D:5      | Reached XP level 8. HP: 62/70 MP: 8/8
  4828 | D:5      | Reached ** piety under Okawaru
  4948 | D:5      | Reached skill level 8 in Axes
  5741 | D:6      | Reached XP level 9. HP: 74/78 MP: 10/10
  5810 | D:6      | Reached skill level 9 in Axes
  5816 | D:6      | You fall into a shaft and drop 3 floors!
  7459 | D:8      | Reached *** piety under Okawaru
  7480 | D:7      | Found a broken altar of Ashenzari.
  7611 | D:7      | Reached skill level 10 in Axes
  8064 | D:6      | Found a white marble altar of Elyvilon.
  8128 | D:6      | Identified the +1 war axe of the Distant Future {flame,
                  | Will+}
  8382 | D:6      | Found a shimmering altar of Xom.
  8533 | D:7      | Found a shadowy altar of Dithmenos.
  8789 | D:7      | Noticed Prince Ribbit
  8804 | D:7      | Killed Prince Ribbit
  8910 | D:8      | Found a staircase to the Lair.
  9141 | D:8      | Found a runed translucent door.
  9145 | D:8      | Noticed a brown ugly thing
  9146 | D:8      | Found a runed translucent door.
  9146 | D:8      | Noticed a white ugly thing
  9151 | D:8      | Identified the +0 leather armour of Insurance {rF+ Int+2
                  | Dex+5}
  9151 | D:8      | Noticed a kobold demonologist
  9159 | D:8      | Killed a kobold demonologist
  9160 | D:8      | Reached XP level 10. HP: 88/88 MP: 9/12
  9180 | D:8      | Noticed a boulder beetle
  9184 | D:8      | Noticed a white ugly thing
  9195 | D:8      | Reached skill level 5 in Invocations
  9492 | D:9      | Found an ornate altar of the Wu Jian Council.
  9510 | D:9      | Reached skill level 11 in Axes
  9511 | D:9      | Reached **** piety under Okawaru
  9881 | D:9      | Identified the +5 long sword of the Shining Light {freeze,
                  | Dex+3}
 10301 | D:10     | Entered Level 10 of the Dungeon
 10301 | D:10     | Found Zogaesk's Jewellery Shop.
 10303 | D:10     | Found a flagged portal.
 10345 | Bailey   | Entered a bailey
 10634 | Bailey   | Found a large runed translucent door.
 10634 | Bailey   | Found a large runed translucent door.
 10635 | Bailey   | Noticed a deep elf pyromancer
 10665 | Bailey   | Noticed an orc knight
 10688 | Bailey   | Killed an orc knight
 10694 | Bailey   | Reached skill level 12 in Axes
 10919 | Bailey   | Killed a deep elf pyromancer
 10934 | Bailey   | Identified the +5 ring mail of Limited Liability {+Inv
                  | rPois Str-3}
 11241 | D:10     | Reached XP level 11. HP: 94/97 MP: 14/14
 11630 | D:11     | Noticed Sonja
 11634 | D:11     | Killed Sonja
 11807 | D:11     | Found a portal to a secret trove of treasure.
 11845 | D:11     | Found a staircase to the Orcish Mines.
 11874 | Orc:1    | Entered Level 1 of the Orcish Mines
 11884 | Orc:2    | Entered Level 2 of the Orcish Mines
 11884 | Orc:2    | Noticed Saint Roka
 11935 | D:11     | Noticed Snorg
 11951 | D:11     | Killed Snorg
 11952 | D:11     | Reached skill level 13 in Axes
 12147 | D:11     | Reached skill level 10 in Armour
 12311 | D:11     | Noticed Maurice
 12319 | D:11     | Killed Maurice
 12319 | D:11     | Reached ***** piety under Okawaru
 12320 | D:11     | Reached skill level 10 in Fighting
 12549 | Lair:1   | Entered Level 1 of the Lair of Beasts
 12557 | D:8      | Reached skill level 10 in Shields
 13136 | Lair:1   | Noticed a catoblepas
 13147 | Lair:1   | Killed a catoblepas
 13147 | Lair:1   | Received a gift from Okawaru
 13334 | Lair:1   | Reached XP level 12. HP: 107/107 MP: 16/16
 13371 | Lair:1   | Reached skill level 16 in Axes
 13371 | Lair:1   | Reached XP level 13. HP: 114/114 MP: 17/17
 13372 | Lair:1   | Reached XP level 14. HP: 122/122 MP: 18/18
 13717 | Lair:2   | Identified the +2 hat of Jejaillu {rPois Will- Str+3}
 13721 | Lair:2   | Found a hole to the Spider Nest.
 13733 | Lair:2   | Noticed Maggie
 13744 | Lair:2   | Killed Maggie
 14027 | Lair:2   | Reached skill level 17 in Axes
 14097 | Lair:2   | Found a staircase to the Shoals.
 14471 | D:10     | Bought the brooch of Shielding {Spirit SH+8} for 845 gold
                  | pieces
 14471 | D:10     | Found the brooch of Shielding {Spirit SH+8}
 14642 | Lair:2   | Noticed Urug
 14651 | Lair:2   | Killed Urug
 16208 | Lair:4   | Found a large runed translucent door.
 16210 | Lair:4   | Found a large runed translucent door.
 16325 | Lair:4   | Noticed sanka's ghost (journeyman AtHu)
 16507 | Lair:4   | Found a runed translucent door.
 16899 | Lair:5   | Entered Level 5 of the Lair of Beasts
 17007 | Lair:5   | Reached skill level 18 in Axes
 17162 | Lair:5   | Reached ****** piety under Okawaru
 17170 | Lair:5   | Received a gift from Okawaru
 17234 | Lair:5   | Reached skill level 15 in Armour
 17301 | Lair:5   | Reached XP level 15. HP: 134/134 MP: 19/21
 17560 | Lair:5   | Found a staircase to the Slime Pits.
 18466 | D:12     | Reached skill level 10 in Invocations
 18476 | D:12     | Identified the +0 robe of Ucomios {Stlth+} (Okawaru gifted
                  | it to you on level 12 of the Dungeon)
 18476 | D:12     | Received a gift from Okawaru
 19077 | D:13     | Found a gate to the Vaults.
 19096 | Vaults:1 | Entered Level 1 of the Vaults
 19096 | Vaults:1 | Noticed Nikola
 19102 | Vaults:1 | Killed from afar by Nikola

Illustrated notes

Levels and vault maps discovered:
D:1:      spicycebolla_arrival_xxxplode, layout_rooms,
          ebering_ecumenical_altar_petrified, minivault_11,
          chequers_serial_rivers_micro_d
D:2:      layout_basic, basic_altar
D:3:      layout_basic, nicolae_tso_swordbearing_angel, minivault_5
D:4:      nicolae_cairo_tiling, layout_cave_pods, grunt_temple_overflow_open,
          minmay_temple_entry_large_hall
D:5:      minmay_skewed_foursquare, layout_loops_ring, portal_sewer_entry_f,
          minmay_bent
D:6:      layout_gridville, xom_butterflies, lemuel_doored_altar
D:7:      layout_cave_pools, mainiacjoe_overflow_24_doors,
          cheibrodos_ashenzari_chains, minmay_misc_feat_nine_boxes, minivault_1,
          uniq_prince_ribbit1
D:8:      minmay_the_grid_triangle_9x9_rhombus_thin
          [minmay_the_grid_triangle_9x9_tough_junction,
          minmay_the_grid_triangle_9x9_prize_top_heavy,
          minmay_the_grid_triangle_9x9_zippers_vertical,
          minmay_the_grid_triangle_9x9_swiss_cheese], layout_cave_pools,
          hangedman_decor_points
D:9:      layout_cave_pods, mainiacjoe_overflow_paths, lightli_orcish_oven
D:10:     layout_basic, enter_bailey_5, serial_shops, shop
D:11:     layout_long_grid, david_orc_2, nicolae_trove_entry_crossroad,
          minivault_4, uniq_snorg, uniq_sonja, uniq_maurice
D:12:     layout_irregular_city
D:13:     layout_basic, skrybe_vaults_entry_preservation, serial_shops, shop,
          nicolae_hepliaklqana_monster_ancestors
Temple:   nicolae_temple_great_sept
Lair:1:   layout_chaotic_city
Lair:2:   layout_hall_layers, minmay_shoals_entry_beasts,
          nicolae_spider_entry_tight_spaces, serial_forest,
          infiniplex_forest_fountain, infiniplex_forest_lined_room_2,
          infiniplex_forest_lined_3, infiniplex_forest_lined_room_,
          infiniplex_forest_end_2, infiniplex_forest_pool,
          infiniplex_forest_diagonal, infiniplex_forest_clump_double, uniq_urug,
          uniq_maggie
Lair:3:   layout_cave_pods
Lair:4:   gammafunk_mikee_crab_dinner, layout_gridlike,
          ebering_ghost_disaster_area, serial_bayou_shore_b, lemuel_fruit_tree,
          serial_bayou_shore_b, serial_bayou_shore_b
Lair:5:   gammafunk_lair_ancient_temple, layout_loops_ring,
          minmay_slime_entry_oklob_enclosed, nicolae_quartered_pool_impasse
Orc:1:    minmay_goldmine, layout_caves, guppyfry_library_mini
Orc:2:    st_orc_town, layout_diamond_mine, serial_shops, shop,
          gammafunk_ghost_berserking_beasts, uniq_saint_roka, uniq_azrael
Vaults:1: gammafunk_ghost_ooze, nicolae_vaults_heart-shaped_vault,
          vaults_room_stairs_pillars, nicolae_vaults_bisected_exclaves,
          nicolae_vaults_two_Ls, hangedman_vaults_corner,
          minmay_guarded_unrand_guard_vaults, nicolae_vaults_oval_intersection,
          nicolae_vaults_frosty_reception, nicolae_vaults_diamond_1, v_misc_13,
          nicolae_vaults_double_plus_3, hangedman_vaults_impose,
          vaults_room_door_hall, nicolae_vaults_doubleplus_tesselated,
          nicolae_vaults_trapezoid_2, layout_vaults_omnibox, serial_shops, shop,
          uniq_nikola

Skill      XL: |  1  2  3  4  5  6  7  8  9 10 11 12 13 14 15 |
---------------+----------------------------------------------+-----
Axes           | 3 4 5 6 7 8 10 12 13 16 18 | 18.0
Shields        | 4 5 6 7 8 9 10 12 13 | 13.3
Fighting       | 4 5 6 8 9 10 12 13 | 13.4
Armour         | 4 5 6 7 8 9 10 13 15 | 15.9
Invocations    | 2 3 4 6 7 9 10 | 10.4

Action                     |  1- 3 |  4- 6 |  7- 9 | 10-12 | 13-15 || total
---------------------------+-------+-------+-------+-------+-------++-------
  Melee: War axe           |    76 |   107 |   350 |   332 |   622 ||  1487
         Headbutt          |     8 |    15 |    60 |    82 |   158 ||   323
         Broad axe         |       |       |       |       |    79 ||    79
 Invoke: Heroism           |       |       |     2 |     6 |     3 ||    11
         Finesse           |       |       |       |     2 |     2 ||     4
  Evoke: Wand              |       |       |       |     4 |       ||     4
    Use: Scroll            |       |       |    16 |     9 |     5 ||    30
         Potion            |       |       |     1 |     2 |     1 ||     4
 Armour: Scale mail        |    37 |     8 |       |       |       ||    45
         Chain mail        |       |    52 |   126 |       |       ||   178
         Plate armour      |       |       |    64 |    64 |       ||   128
         Crystal plate arm |       |       |       |   125 |   325 ||   450
  Dodge: Dodged            |    38 |    50 |   177 |   135 |   109 ||   509
  Block: Buckler           |    27 |    19 |   104 |   101 |    94 ||   345
         Kite shield       |       |       |       |       |   318 ||   318
